 Dungeon Crawl Stone Soup version 0.30-a0-292-g0f741e3f8e (webtiles) character file.

Game seed: 5374791883694435416

594 NinjaNoafa the Cutter (level 7, -1/52 HPs)
             Began as a Merfolk Gladiator on Oct 18, 2022.
             Slain by a gnoll
             ... wielding a +0 whip
              (4 damage)
             ... on level 5 of the Dungeon.
             The game lasted 00:13:59 (4987 turns).

NinjaNoafa the Cutter (Merfolk Gladiator)           Turns: 4987, Time: 00:14:00

Health: -1/52      AC:  6    Str: 14    XL:     7   Next: 39%
Magic:  7/7        EV: 14    Int:  8    God:
Gold:   149        SH:  0    Dex: 17    Spells: 6/6 levels left

rFire   + . .      SeeInvis .    v - +1 rapier (flame)
rCold   + + .      Faith    .    (no shield)
rNeg    + . .      Spirit   .    p - +2 robe {Will+}
rPois   +          Reflect  .    c - +0 helmet
rElec   +          Harm     .    n - scarf {shadows}
rCorr   +          Rampage  .    f - +0 pair of gloves
Will    +....                    (no boots)
Stlth   +++.......               (no amulet)
HPRegen 0.28/turn                o - ring of protection from cold
MPRegen 0.10/turn                e - ring of positive energy

@: resistant
A: (nimble swimmer 2), mertail
a: no special abilities


You were on level 5 of the Dungeon.
You visited 2 branches of the dungeon, and saw 6 of its levels.

You collected 223 gold pieces.
You spent 74 gold pieces at shops.

Inventory:

Hand Weapons
 v - a +1 rapier of flaming (weapon)
Missiles
 d - 2 throwing nets (quivered)
 g - 47 stones
 l - 3 boomerangs
 z - 3 curare-tipped darts
 A - a javelin
Armour
 c - a +0 helmet (worn)
 f - a +0 pair of gloves (worn)
 n - a scarf of shadows (worn)
 p - a +2 robe of willpower (worn)
Jewellery
 e - a ring of positive energy (right hand)
 o - a ring of protection from cold (left hand)
Wands
 B - a wand of digging (4)
Scrolls
 b - 3 scrolls of immolation {unknown}
 h - 3 scrolls of teleportation {unknown}
 i - a scroll of fear {unknown}
 k - 3 scrolls of identify {unknown}
 m - a scroll of brand weapon {unknown}
 q - a scroll of torment {unknown}
 u - a scroll of vulnerability {unknown}
 w - a scroll of enchant armour {unknown}
 y - 3 scrolls of fog {unknown}
 C - a scroll of noise {unknown}
Potions
 j - a potion of attraction {unknown}
 r - a potion of haste {unknown}
 s - a potion of heal wounds {unknown}
 t - 5 potions of curing {unknown}
 x - 2 potions of might {unknown}
 D - a potion of brilliance {unknown}


   Skills:
 - Level 3.0 Fighting
 + Level 7.1 Short Blades
 - Level 3.0 Throwing
 - Level 5.0 Dodging
 - Level 5.0 Stealth


You had 6 spell levels left.
You didn't know any spells.
Your spell library contained the following spells:

 Spells                   Type           Power      Damage    Failure   Level
 Foxfire                  Conj/Fire      0%         2x1d4     41%         1
 Ignite Poison            Fire/Tmut/Pois 0%         N/A       78%         3
 Kindle Blastsparks       Fire/Tloc/Air  0%         2d10      78%         3
 Fireball                 Conj/Fire      0%         3d3       100%        5
 Freezing Cloud           Conj/Ice/Air   0%         6-21      100%        5
 Starburst                Conj/Fire      0%         6d3       100%        6


Dungeon Overview and Level Annotations

Branches:
Dungeon (5/15)             Temple (1/1) D:5

Altars:
Dithmenos
Elyvilon
Fedhas
Hepliaklqana
Makhleb
Qazlal
Ru
Trog
Vehumet
Xom
The Shining One

Shops:
D:2 =(([(


Innate Abilities, Weirdness & Mutations

((You are very nimble when in or above water. (Stealth+, EV+, Speed+++)))
Your lower body shifts to a powerful aquatic tail in water.


Message History

Found 15 gold pieces.
The gnoll shouts! x2
The gnoll struggles against the net.
The gnoll struggles against the net.
The gnoll completely misses you.
The gnoll struggles against the net.
The gnoll barely misses you. x2
The gnoll struggles against the net.
The net rips apart, and the gnoll comes free!
The gnoll closely misses you. The gnoll hits you with a +0 halberd!
The gnoll closely misses you. The gnoll barely misses you.
The scorpion stings you but does no damage.
You barely miss the gnoll. The gnoll misses you.
The gnoll closely misses you. x2
The scorpion barely misses you.
You hit the gnoll but do no damage. The scorpion closely misses you.
The gnoll hits you with a +0 whip. x2; The gnoll hits you with a +0 halberd!
You barely miss the gnoll. The scorpion stings you.
You hit the gnoll. You burn the gnoll.
The gnoll is heavily wounded.
The gnoll hits you but does no damage. The gnoll hits you with a +0 whip.
The gnoll barely misses you. The scorpion stings you.
You hit the gnoll but do no damage.
The gnoll is heavily wounded.
The gnoll hits you with a +0 whip.
* * * LOW HITPOINT WARNING * * *
The gnoll barely misses you. The gnoll closely misses you.
The scorpion stings you.
* * * LOW HITPOINT WARNING * * *
Found a book of Blasting.
The gnoll hits you with a +0 whip.
* * * LOW HITPOINT WARNING * * *
The gnoll hits you from afar with a +0 halberd.
* * * LOW HITPOINT WARNING * * *
The scorpion closely misses you. The gnoll attacks as you move away!
The gnoll closely misses you. The gnoll hits you with a +0 whip.
* * * LOW HITPOINT WARNING * * *
It was a potion of resistance.
You feel protected. The scorpion stings you.
* * * LOW HITPOINT WARNING * * *
The gnoll hits you with a +0 whip.
You die...

#.# #:. #.# #.# #.#
# #.#.####
####@#.....
#$.ggs...#
#..g.....#
#........#
###....#...
#.####.############
#.# #.#..........#
######### #.#
#.#.########.#
........# #.#
##.#...# #.#


You could see a scorpion and 3 gnolls.

Vanquished Creatures
  A scorpion (D:5)
  A necrophage (D:5)
  3 hounds
  4 iguanas
  3 orc wizards
  6 adders
  An ufetubus (D:4)
  3 worms
  2 dart slugs
  17 orcs
  6 bats
  8 endoplasms
  4 giant cockroaches
  11 goblins
  14 hobgoblins
  10 jackals (D:1)
  2 kobolds (D:1)
  4 quokkas
  7 ball pythons
  5 frilled lizards
  8 rats
120 creatures vanquished.

Vanquished Creatures (others)
  A plant (D:5)
1 creature vanquished.

Grand Total: 121 creatures vanquished

Notes
Turn   | Place    | Note
-------+----------+-------------------------------------------
     0 | D:1      | NinjaNoafa the Merfolk Gladiator began the quest for the
                  | Orb.
     0 | D:1      | Reached XP level 1. HP: 16/16 MP: 1/1
   229 | D:1      | Reached XP level 2. HP: 23/23 MP: 2/2
   503 | D:1      | Reached skill level 4 in Short Blades
   780 | D:1      | Reached skill level 1 in Stealth
   788 | D:1      | Reached XP level 3. HP: 28/28 MP: 3/3
  1089 | D:2      | Found Rerch's Antique Weapon Shop.
  1125 | D:2      | Found Kawn's Jewellery Shop.
  1150 | D:2      | Found Zubed's Weapon Boutique.
  1209 | D:2      | Found Idotydid's Weapon Emporium.
  1358 | D:2      | Reached XP level 4. HP: 34/34 MP: 4/4
  1668 | D:2      | Found Qomm's Antique Armour Boutique.
  1675 | D:2      | Bought a glowing robe for 74 gold pieces
  1734 | D:3      | Reached skill level 5 in Dodging
  1734 | D:3      | Reached XP level 5. HP: 9/41 MP: 5/5
  2972 | D:4      | Reached skill level 5 in Short Blades
  2976 | D:4      | Reached XP level 6. HP: 41/47 MP: 6/6
  3061 | D:4      | Found a shadowy altar of Dithmenos.
  3667 | D:5      | Entered Level 5 of the Dungeon
  4006 | D:5      | Reached skill level 6 in Short Blades
  4006 | D:5      | Reached skill level 5 in Stealth
  4042 | D:5      | Reached XP level 7. HP: 52/52 MP: 7/7
  4134 | D:5      | Found a staircase to the Ecumenical Temple.
  4191 | Temple   | Entered the Ecumenical Temple
  4483 | D:5      | Found a white marble altar of Elyvilon.
  4605 | D:5      | Reached skill level 7 in Short Blades
  4987 | D:5      | Slain by a gnoll

Illustrated notes

Levels and vault maps discovered:
D:1:      dpeg_arrival_three_same_balls, layout_loops_ring,
          minmay_split_cup_large
D:2:      wander_river, layout_basic, serial_shops, nicolae_lakefront_shop,
          nicolae_diamond_shop, shop, nicolae_shop_bloodbath_and_beyond, shop,
          eino_curves_04, kennysheep_path_1
D:3:      layout_basic, reono_crystal_passage, minivault_11,
          chequers_serial_rivers_micro_b
D:4:      layout_basic, nicolae_overflow_hidden_temple, minmay_goblin_outpost
D:5:      corexii_shack_village, layout_basic, nicolae_elyvilon_temple_path,
          temple_pool_b
Temple:   compressed_dpeg_triangle_lava_temple

Skill      XL: |  1  2  3  4  5  6  7 |
---------------+----------------------+-----
Short Blades   | 4 5 6 7 |  7.1
Stealth        | 1 2 3 5 |  5.0
Fighting       | 3 |  3.0
Dodging        | 5 |  5.0
Throwing       | 3 |  3.0

Action                   |  1- 3 |  4- 6 |  7- 9 || total
-------------------------+-------+-------+-------++-------
Melee: Rapier            |    60 |   163 |    65 ||   288
       Short sword       |    42 |       |       ||    42
       Punch             |     1 |     3 |       ||     4
       Tailslap          |     3 |       |       ||     3
Throw: Javelin           |     2 |    10 |       ||    12
       Boomerang         |     9 |    32 |       ||    41
       Throwing net      |       |     1 |     1 ||     2
  Use: Potion            |       |       |     1 ||     1
 Stab: Sleeping          |     2 |     6 |     2 ||    10
Armor: Leather armour    |    38 |       |       ||    38
       Robe              |       |    57 |    23 ||    80
Dodge: Dodged            |    90 |   170 |    61 ||   321

Table legend: (Time is in decaauts)
 A = Elapsed time spent in this place.
 B = Non-inter-level travel time spent in this place.
 C = Inter-level travel time spent in this place.
 D = Time resting spent in this place.
 E = Time spent auto-exploring this place.
 F = Levels seen in this place.
 G = Mean time per level.
                   A        B        C        D        E       F      G
               +--------+--------+--------+--------+--------+-----+--------+
         Total |   4932 |   4758 |    174 |      0 |   3822 |   6 |  822.0 |
       Dungeon |   4706 |   4543 |    163 |      0 |   3616 |   5 |  941.2 |
        Temple |    226 |    215 |     11 |      0 |    206 |   1 |  226.0 |
               +--------+--------+--------+--------+--------+-----+--------+

Top non-repeatable levels by time:
     D:3: 1094 daAuts
     D:5: 1072 daAuts
     D:1: 1027 daAuts
     D:4: 868 daAuts
     D:2: 644 daAuts
  Temple: 226 daAuts
